MLB
SEATTLE MARINERS @ BOSTON RED SOX
08/06/2041
 
TOP OF THE 1ST
Seattle Mariners batting - Pitching for Boston Red Sox : RHP Steve Lindsey
Pitching: RHP Steve Lindsey
Batting: LHB Robbie Lucas 0-0: Ball
1-0: Fly out, F8 (Line Drive, 8LM, EV 91.9 MPH)
Batting: RHB Dewitt Mathews 0-0: Foul Ball, location: 2F
0-1: Called Strike
0-2: Strikes out swinging
Batting: RHB Ethan Montoya 0-0: Ball
1-0: Swinging Strike
1-1: Ball
2-1: Swinging Strike
2-2: Ball
3-2: Foul Ball, location: 5SF
3-2: Base on Balls
Batting: SHB Jesús Cortéz 0-0: Called Strike
0-1: Ball
1-1: Ground out 4-3 (Groundball, 34S, EV 75.6 MPH)
Top of the 1st over - 0 runs, 0 hits, 0 errors, 1 left on base; Seattle 0 - Boston 0
BOTTOM OF THE 1ST
Boston Red Sox batting - Pitching for Seattle Mariners : RHP José Cuevas
Pitching: RHP José Cuevas
Batting: RHB Juan Ávila 0-0: Called Strike
0-1: Ball
1-1: Ball
2-1: Swinging Strike
2-2: Foul Ball, location: 9LSF
2-2: Ball
3-2: Ground out 5-3 (Groundball, 56S, EV 85.6 MPH)
Batting: RHB José Morales 0-0: Ball
1-0: Ball
2-0: Called Strike
2-1: Ground out 6-3 (Groundball, 6, EV 83.8 MPH)
Batting: LHB Derek Orby 0-0: Swinging Strike
0-1: Swinging Strike
0-2: Fly out, F9 (Flyball, 9S, EV 90.6 MPH)
Bottom of the 1st over - 0 runs, 0 hits, 0 errors, 0 left on base; Seattle 0 - Boston 0
TOP OF THE 2ND
Seattle Mariners batting - Pitching for Boston Red Sox : RHP Steve Lindsey
Batting: RHB Whit Parkinson 0-0: SOLO HOME RUN (Flyball, 7LD, EV 93.8 MPH), Distance : 344 ft
Batting: RHB Rudy Patrick 0-0: SOLO HOME RUN (Flyball, 9LD, EV 89.4 MPH), Distance : 329 ft
Batting: RHB Ron Rowland 0-0: Foul Ball, location: 25FF
0-1: Foul Ball, location: 2F
0-2: Foul Ball, location: 2F
0-2: Foul Ball, location: 2F
0-2: Ball
1-2: Strikes out swinging
Batting: RHB Johnny Sherman 0-0: Ball
1-0: Foul Ball, location: 2F
1-1: Ball
2-1: Called Strike
2-2: Strikes out swinging
Batting: RHB José Díaz 0-0: SINGLE (Groundball, 6MD, EV 94.4 MPH)
Batting: LHB Robbie Lucas 0-0: Called Strike
0-1: Called Strike
0-2: SINGLE (Line Drive, 34D, EV 95.6 MPH)
José Díaz to second
Runner from 2nd tries for 3rd, OUT! 9-5
Top of the 2nd over - 2 runs, 4 hits, 0 errors, 1 left on base; Seattle 2 - Boston 0
BOTTOM OF THE 2ND
Boston Red Sox batting - Pitching for Seattle Mariners : RHP José Cuevas
Batting: RHB António Negrón 0-0: Ball
1-0: SINGLE (Groundball, 4MD, EV 95.6 MPH)
Batting: LHB Abel Scott 0-0: Ball
António Negrón steals 2nd base
1-0: Swinging Strike
1-1: Called Strike
1-2: Ground out U3 (Groundball, 34, EV 84.4 MPH)
António Negrón to third
Batting: RHB Juan Serrato 0-0: Fly out, F7 (Flyball, 7, EV 91.9 MPH)
Runner from 3rd tags up, SCORES, throw by LF
Batting: LHB Erwin Broomhead 0-0: Ball
1-0: Ball
2-0: SINGLE (Line Drive, 56, EV 96.3 MPH)
Batting: SHB Danny Walker 0-0: Called Strike
0-1: Swinging Strike
0-2: Strikes out swinging
Bottom of the 2nd over - 1 run, 2 hits, 0 errors, 1 left on base; Seattle 2 - Boston 1
TOP OF THE 3RD
Seattle Mariners batting - Pitching for Boston Red Sox : RHP Steve Lindsey
Batting: RHB Dewitt Mathews 0-0: Called Strike
0-1: Ball
1-1: Called Strike
1-2: Strikes out swinging
Batting: RHB Ethan Montoya 0-0: Ball
1-0: Swinging Strike
1-1: Ball
2-1: Ground out 4-3 (Groundball, 4D, EV 98.1 MPH)
Batting: SHB Jesús Cortéz 0-0: Fly out, F7 (Flyball, 7LS, EV 98.1 MPH)
Top of the 3rd over - 0 runs, 0 hits, 0 errors, 0 left on base; Seattle 2 - Boston 1
BOTTOM OF THE 3RD
Boston Red Sox batting - Pitching for Seattle Mariners : RHP José Cuevas
Batting: RHB Eric Taylor 0-0: Called Strike
0-1: Foul Ball, location: 3FF
0-2: Ball
1-2: Ball
2-2: Ball
3-2: Foul Ball, location: 9LSF
3-2: Foul Ball, location: 9LSF
3-2: Base on Balls
Batting: RHB Juan Ávila 0-0: Fly out, F7 (Flyball, 7, EV 81.9 MPH)
Batting: RHB José Morales 0-0: Called Strike
0-1: Ball
1-1: Called Strike
1-2: Strikes out swinging
Batting: LHB Derek Orby 0-0: Ball
1-0: Foul Ball, location: 9LMF
1-1: Called Strike
1-2: Fly out, F7 (Flyball, 78D, EV 104.4 MPH)
Bottom of the 3rd over - 0 runs, 0 hits, 0 errors, 1 left on base; Seattle 2 - Boston 1
TOP OF THE 4TH
Seattle Mariners batting - Pitching for Boston Red Sox : RHP Steve Lindsey
Batting: RHB Whit Parkinson 0-0: Called Strike
0-1: Swinging Strike
0-2: Ball
1-2: Strikes out swinging
Batting: RHB Rudy Patrick 0-0: Ball
1-0: Foul Ball, location: 2F
1-1: Ball
2-1: Foul Ball, location: 9LDF
2-2: SOLO HOME RUN (Flyball, 78XD, EV 104.4 MPH), Distance : 437 ft
Batting: RHB Ron Rowland 0-0: Bunt for hit to 2R - play at first, batter OUT! 2-3
Batting: RHB Johnny Sherman 0-0: Ball
1-0: Foul Ball, location: 2F
1-1: Foul Ball, location: 9LDF
1-2: Foul Ball, location: 9LMF
1-2: Strikes out swinging
Top of the 4th over - 1 run, 1 hit, 0 errors, 0 left on base; Seattle 3 - Boston 1
BOTTOM OF THE 4TH
Boston Red Sox batting - Pitching for Seattle Mariners : RHP José Cuevas
Batting: RHB António Negrón 0-0: SINGLE (Groundball, 6M, EV 88.8 MPH) (infield hit)
Batting: LHB Abel Scott 0-0: SINGLE (Line Drive, 6M, EV 99.4 MPH)
António Negrón to second
Batting: RHB Juan Serrato 0-0: Called Strike
0-1: Foul Ball, location: 2F
0-2: Strikes out swinging
Batting: LHB Erwin Broomhead 0-0: Ball
1-0: Swinging Strike
1-1: Swinging Strike
1-2: Ball
2-2: Strikes out swinging
Batting: SHB Danny Walker 0-0: Ball
1-0: Ball
2-0: Ball
3-0: Called Strike
3-1: DOUBLE (Flyball, 8LXD, EV 112.5 MPH)
António Negrón scores
Abel Scott to third
Runner from 3rd tries for Home, SAFE, throw by CF to home
Batting: RHB Eric Taylor 0-0: Ground out 6-3 (Groundball, 6, EV 92.5 MPH)
Bottom of the 4th over - 2 runs, 3 hits, 0 errors, 1 left on base; Seattle 3 - Boston 3
TOP OF THE 5TH
Seattle Mariners batting - Pitching for Boston Red Sox : RHP Steve Lindsey
Batting: RHB José Díaz 0-0: Ball
1-0: DOUBLE (Groundball, 5L, EV 98.1 MPH)
Batting: LHB Robbie Lucas 0-0: Ball
1-0: Called Strike
1-1: Called Strike
1-2: Ground out 5-3 (Groundball, 5, EV 108.1 MPH)
Batting: RHB Dewitt Mathews 0-0: Ball
1-0: Swinging Strike
1-1: Ground out 1-3 (Groundball, 34S, EV 63.1 MPH)
Batting: RHB Ethan Montoya 0-0: Ball
1-0: Ball
2-0: Ball
3-0: Called Strike
3-1: Ground out 6-3 (Groundball, 6, EV 85.6 MPH)
Top of the 5th over - 0 runs, 1 hit, 0 errors, 1 left on base; Seattle 3 - Boston 3
BOTTOM OF THE 5TH
Boston Red Sox batting - Pitching for Seattle Mariners : RHP José Cuevas
Batting: RHB Juan Ávila 0-0: Ball
1-0: Ball
2-0: DOUBLE (Line Drive, 9LM, EV 100.0 MPH)
Batting: RHB José Morales 0-0: Ball
1-0: Ground out 6-3 (Groundball, 6, EV 87.5 MPH)
Juan Ávila to third
Batting: LHB Derek Orby 0-0: Ball
1-0: Ball
2-0: Fly out, F7 (Flyball, 78M, EV 81.3 MPH)
Runner from 3rd tags up, OUT at HOME! 7-2
Bottom of the 5th over - 0 runs, 1 hit, 0 errors, 0 left on base; Seattle 3 - Boston 3
TOP OF THE 6TH
Seattle Mariners batting - Pitching for Boston Red Sox : RHP Steve Lindsey
Batting: SHB Jesús Cortéz 0-0: Called Strike
0-1: Ball
1-1: TRIPLE (Flyball, 78XD, EV 93.1 MPH)
Batting: RHB Whit Parkinson 0-0: Fielders Choice at home, 6-2 (Groundball, 6, EV 103.1 MPH)
Batting: RHB Rudy Patrick 0-0: Foul Ball, location: 9LDF
0-1: Fly out, F6 (Popup, 4MD, EV 56.9 MPH)
Batting: RHB Ron Rowland 0-0: Ball
1-0: Called Strike
1-1: SINGLE (Groundball, P, EV 71.9 MPH)
Whit Parkinson to second
Runner from 2nd tries for 3rd, OUT! 8-5
Top of the 6th over - 0 runs, 2 hits, 0 errors, 1 left on base; Seattle 3 - Boston 3
BOTTOM OF THE 6TH
Boston Red Sox batting - Pitching for Seattle Mariners : RHP José Cuevas
Batting: RHB António Negrón 0-0: Ball
1-0: Ground out 6-3 (Groundball, 6D, EV 89.4 MPH)
Batting: LHB Abel Scott 0-0: Foul Ball, location: 9LMF
0-1: Called Strike
0-2: Strikes out swinging
Batting: RHB Juan Serrato 0-0: Ball
1-0: Called Strike
1-1: Foul Ball, location: 2F
1-2: Strikes out looking
Bottom of the 6th over - 0 runs, 0 hits, 0 errors, 0 left on base; Seattle 3 - Boston 3
TOP OF THE 7TH
Seattle Mariners batting - Pitching for Boston Red Sox : RHP Steve Lindsey
Batting: RHB Johnny Sherman 0-0: Ball
1-0: Foul Ball, location: 2F
1-1: Swinging Strike
1-2: Ball
2-2: Fly out, F6 (Popup, 4M, EV 56.9 MPH)
Batting: RHB José Díaz 0-0: Ball
1-0: Called Strike
1-1: SINGLE (Groundball, P, EV 86.3 MPH) (infield hit)
Batting: LHB Robbie Lucas 0-0: Fielders Choice at 2nd, 6-4 (Groundball, 6, EV 81.3 MPH)
Batting: RHB Dewitt Mathews 0-0: Called Strike
0-1: Ground out 2-3 (Groundball, 2L, EV 62.5 MPH)
Top of the 7th over - 0 runs, 1 hit, 0 errors, 1 left on base; Seattle 3 - Boston 3
BOTTOM OF THE 7TH
Boston Red Sox batting - Pitching for Seattle Mariners : RHP José Cuevas
Batting: LHB Erwin Broomhead 0-0: Ball
1-0: DOUBLE (Groundball, 3L, EV 98.1 MPH)
Batting: SHB Danny Walker 0-0: Intentional Walk
Batting: RHB Eric Taylor 0-0: Ball
1-0: Foul Ball, location: 9LSF
1-1: Sac Bunt to 23 - play at first, batter OUT! 3-4
Erwin Broomhead to third
Danny Walker to second
Batting: RHB Juan Ávila 0-0: Ball
1-0: Called Strike
1-1: Fielders Choice at home, 6-2 (Groundball, P, EV 86.9 MPH)
Danny Walker to third
Batting: RHB José Morales 0-0: Ball
1-0: Ball
2-0: Swinging Strike
2-1: Foul Ball, location: 2F
2-2: Foul Ball, location: 7LDF
2-2: Strikes out swinging
Bottom of the 7th over - 0 runs, 1 hit, 0 errors, 2 left on base; Seattle 3 - Boston 3
TOP OF THE 8TH
Seattle Mariners batting - Pitching for Boston Red Sox : RHP Steve Lindsey
Batting: RHB Ethan Montoya 0-0: Ball
1-0: Called Strike
1-1: Called Strike
1-2: DOUBLE (Line Drive, 89M, EV 104.4 MPH)
Batting: SHB Jesús Cortéz 0-0: Intentional Walk
Batting: RHB Whit Parkinson 0-0: Fly out, F8 (Flyball, 8LXD, EV 95.6 MPH)
Runner from 2nd tags up, SAFE at 3rd, no throw by CF
Batting: RHB Rudy Patrick 0-0: Ball
1-0: Foul Ball, location: 2F
1-1: Foul Ball, location: 23FF
1-2: Ball
2-2: Foul Ball, location: 3F
2-2: Ball
3-2: DOUBLE (Flyball, 78D, EV 106.9 MPH)
Ethan Montoya scores
Jesús Cortéz to third
Batting: RHB Ron Rowland 0-0: Ball
1-0: Ball
2-0: Fly out, F8 (Line Drive, 8LM, EV 84.4 MPH)
Runner from 3rd tags up, SCORES, throw by CF
Rudy Patrick to third
Batting: RHB Johnny Sherman 0-0: Called Strike
0-1: Ground out 4-3 (Groundball, 4, EV 102.5 MPH)
Top of the 8th over - 2 runs, 2 hits, 0 errors, 1 left on base; Seattle 5 - Boston 3
BOTTOM OF THE 8TH
Boston Red Sox batting - Pitching for Seattle Mariners : RHP José Cuevas
Batting: LHB Derek Orby 0-0: Swinging Strike
0-1: Swinging Strike
0-2: Strikes out looking
Batting: RHB António Negrón 0-0: Called Strike
0-1: Fly out, F8 (Flyball, 8LM, EV 85.0 MPH)
Batting: LHB Abel Scott 0-0: Ball
1-0: Called Strike
1-1: Fly out, F7 (Line Drive, 7D, EV 95.0 MPH)
Bottom of the 8th over - 0 runs, 0 hits, 0 errors, 0 left on base; Seattle 5 - Boston 3
TOP OF THE 9TH
Seattle Mariners batting - Pitching for Boston Red Sox : RHP Steve Lindsey
Pitching: LHP Arturo Morín
Batting: RHB José Díaz 0-0: Called Strike
0-1: Ball
1-1: Foul Ball, location: 2F
1-2: Fly out, F8 (Flyball, 89M, EV 90.0 MPH)
Batting: LHB Robbie Lucas 0-0: Foul Ball, location: 2F
0-1: Ball
1-1: Swinging Strike
1-2: Foul Ball, location: 23F
1-2: Ball
2-2: Strikes out looking
Batting: RHB Dewitt Mathews 0-0: Foul Ball, location: 2F
0-1: Ball
1-1: Called Strike
1-2: Ground out 6-3 (Groundball, 6, EV 103.1 MPH)
Top of the 9th over - 0 runs, 0 hits, 0 errors, 0 left on base; Seattle 5 - Boston 3
BOTTOM OF THE 9TH
Boston Red Sox batting - Pitching for Seattle Mariners : RHP José Cuevas
Pitching: RHP Jarred Haig
Batting: RHB Juan Serrato 0-0: Called Strike
0-1: Swinging Strike
0-2: Strikes out looking
Batting: LHB Erwin Broomhead 0-0: Called Strike
0-1: Fly out, F8 (Flyball, 78M, EV 87.5 MPH)
Batting: SHB Danny Walker 0-0: Called Strike
0-1: Called Strike
0-2: Strikes out swinging
Bottom of the 9th over - 0 runs, 0 hits, 0 errors, 0 left on base; Seattle 5 - Boston 3
Sunday, March 24th , 2024 - OOTP Baseball 24.10 Build 82